2356 views
Uploaded 2024-04-27 03:21:16
Game version 1.36 (6115)
19:15 long 3on3 ladder game on (6)GnollWood
Saved by GIGA
2356 views
Uploaded 2024-04-27 03:21:16
Game version 1.36 (6115)
19:15 long 3on3 ladder game on (6)GnollWood


69 units @ 11k
/ 1k
49 buildings @ 8.1k
/ 3.1k


| Healing Salve | 1 | 100 |
| Lesser Clarity Potion | 2 | 140 |
| Dust of Appearance | 2 | 150 |
| Boots of Speed | 1 | 250 |
| total: | 6 | 640g |
| Peon | 4 | 300 | / | 0 |
| Grunt | 11 | 2200 | / | 0 |
| Troll Headhunter | 1 | 140 | / | 20 |
| Wind Rider | 5 | 1325 | / | 200 |
| Troll Batrider | 1 | 160 | / | 40 |
| total: | 22 | 4125g | / | 260w |
| Altar of Storms | 1 | 180 | / | 50 |
| Orc Burrow | 10 | 1600 | / | 400 |
| Barracks | 1 | 180 | / | 50 |
| War Mill | 1 | 205 | / | 0 |
| Voodoo Lounge | 1 | 130 | / | 30 |
| Beastiary | 4 | 580 | / | 560 |
| Stronghold | 1 | 315 | / | 190 |
| total: | 18 | 2875g | / | 1090w |
| 0:02 | Peon |
| 0:03 | Peon |
| 0:03 | Peon |
| 0:09 | Altar of Storms |
| 0:13 | Orc Burrow |
| 0:45 | Barracks |
| 1:10 | War Mill |
| 1:48 | Grunt |
| 1:52 | Orc Burrow |
| 2:08 | Voodoo Lounge |
| 2:18 | Wind Walk |
| 2:26 | Grunt |
| 2:30 | Peon |
| 3:22 | Grunt |
| 3:51 | Grunt |
| 3:51 | Troll Headhunter |
| 4:09 | Grunt |
| 4:43 | Orc Burrow |
| 4:44 | Stronghold |
| 5:54 | Grunt |
| 6:27 | Grunt |
| 6:42 | Steel Armor |
| 7:20 | Beastiary |
| 7:33 | Frost Arrows |
| 7:37 | Grunt |
| 7:54 | Dust of Appearance |
| 8:09 | Grunt |
| 9:03 | Grunt |
| 9:08 | Wind Rider |
| 9:27 | Orc Burrow |
| 9:49 | Critical Strike |
| 10:12 | Beastiary |
| 11:02 | Wind Rider |
| 11:07 | Orc Burrow |
| 11:43 | Wind Rider |
| 11:45 | Wind Rider |
| 11:58 | Healing Salve |
| 11:58 | Lesser Clarity Potion |
| 12:49 | Dust of Appearance |
| 12:50 | Boots of Speed |
| 13:08 | Wind Rider |
| 14:21 | Troll Batrider |
| 14:57 | Reinforced Defenses |
| 15:45 | Grunt |
| 15:47 | Beastiary |
| 16:23 | Beastiary |
| 16:33 | Orc Burrow |
| 16:42 | Orc Burrow |
| 16:56 | Orc Burrow |
| 17:01 | Lesser Clarity Potion |
| 17:36 | Orc Burrow |
| 17:45 | Orc Burrow |
| Right click | 651 |
| Select group | 334 |
| Select | 328 |
| Misc. action | 97 |
| Build/train/purchase | 77 |
| Assign group | 52 |
| Minimap ping | 8 |
| Use ability | 7 |
| Chat | 4 |
| Remove unit | 3 |
| Item give/drop | 1 |


| Peon | 6 | 450 | / | 0 |
| Grunt | 10 | 2000 | / | 0 |
| Tauren | 4 | 1120 | / | 320 |
| total: | 20 | 3570g | / | 320w |
| Watch Tower | 2 | 220 | / | 160 |
| Barracks | 1 | 180 | / | 50 |
| Altar of Storms | 1 | 180 | / | 50 |
| Orc Burrow | 7 | 1120 | / | 280 |
| War Mill | 1 | 205 | / | 0 |
| Voodoo Lounge | 1 | 130 | / | 30 |
| Great Hall | 1 | 385 | / | 185 |
| Tauren Totem | 2 | 270 | / | 310 |
| Stronghold | 1 | 315 | / | 190 |
| Fortress | 2 | 650 | / | 380 |
| total: | 16 | 2690g | / | 1065w |
| 0:08 | Barracks |
| 0:14 | Altar of Storms |
| 0:20 | Orc Burrow |
| 0:24 | Peon |
| 0:38 | Peon |
| 0:52 | Peon |
| 1:17 | Grunt |
| 1:37 | Peon |
| 1:55 | Peon |
| 1:57 | Grunt |
| 2:15 | Orc Burrow |
| 2:37 | War Mill |
| 2:41 | Feral Spirit |
| 3:08 | Voodoo Lounge |
| 4:05 | Grunt |
| 4:07 | Pillage |
| 4:09 | Peon |
| 4:34 | Grunt |
| 4:50 | Orc Burrow |
| 5:37 | Stronghold |
| 5:38 | Grunt |
| 5:42 | Steel Melee Weapons |
| 5:53 | Orc Burrow |
| 6:13 | Grunt |
| 6:49 | Steel Armor |
| 6:55 | Orc Burrow |
| 7:01 | Spiked Barricades |
| 7:23 | Grunt |
| 7:46 | Grunt |
| 7:50 | Orc Burrow |
| 8:22 | Thorium Melee Weapons |
| 9:06 | Tauren Totem |
| 9:10 | Berserker Strength |
| 9:12 | Fortress |
| 9:18 | Chain Lighting |
| 9:30 | Healing Wave |
| 10:03 | Grunt |
| 10:06 | Arcanite Melee Weapons |
| 10:32 | Tauren Totem |
| 10:37 | Grunt |
| 11:42 | Tauren |
| 11:46 | Tauren |
| 12:25 | Tauren |
| 12:27 | Tauren |
| 12:46 | Orc Burrow |
| 13:36 | Thorium Armor |
| 14:04 | Pulverize |
| 14:57 | Watch Tower |
| 15:03 | Watch Tower |
| 16:12 | Great Hall |
| Right click | 628 |
| Select | 261 |
| Build/train/purchase | 48 |
| Misc. action | 40 |
| Resource trade | 9 |
| Use ability | 5 |
| Assign group | 1 |
| Remove unit | 1 |


| Peon | 13 | 975 | / | 0 |
| Troll Headhunter | 8 | 1120 | / | 160 |
| Demolisher | 4 | 880 | / | 200 |
| Troll Witch Doctor | 2 | 290 | / | 50 |
| total: | 27 | 3265g | / | 410w |
| Watch Tower | 3 | 330 | / | 240 |
| Altar of Storms | 1 | 180 | / | 50 |
| War Mill | 1 | 205 | / | 0 |
| Orc Burrow | 5 | 800 | / | 200 |
| Barracks | 2 | 360 | / | 100 |
| Voodoo Lounge | 1 | 130 | / | 30 |
| Great Hall | 1 | 385 | / | 185 |
| Spirit Lodge | 1 | 150 | / | 150 |
| Stronghold | 1 | 315 | / | 190 |
| total: | 15 | 2540g | / | 955w |
| 0:03 | Peon |
| 0:08 | Altar of Storms |
| 0:15 | War Mill |
| 0:21 | Orc Burrow |
| 0:34 | Peon |
| 1:01 | Peon |
| 1:02 | Peon |
| 1:02 | Peon |
| 1:21 | Barracks |
| 1:27 | Peon |
| 1:27 | Peon |
| 1:55 | Orc Burrow |
| 2:21 | Peon |
| 2:24 | Troll Headhunter |
| 2:24 | Troll Headhunter |
| 2:30 | Voodoo Lounge |
| 2:32 | Troll Headhunter |
| 2:50 | Serpent Ward |
| 3:37 | Stronghold |
| 3:39 | Troll Headhunter |
| 3:39 | Troll Headhunter |
| 4:41 | Steel Ranged Weapons |
| 4:45 | Steel Armor |
| 4:50 | Orc Burrow |
| 5:21 | Barracks |
| 6:08 | Demolisher |
| 6:39 | Healing Wave |
| 6:54 | Demolisher |
| 7:24 | Feral Spirit |
| 8:14 | Troll Headhunter |
| 9:03 | Orc Burrow |
| 9:07 | Troll Regeneration |
| 9:15 | Great Hall |
| 9:59 | Troll Headhunter |
| 10:02 | Spirit Lodge |
| 10:05 | Peon |
| 10:05 | Peon |
| 11:41 | Healing Wave |
| 11:49 | Thorium Ranged Weapons |
| 11:54 | Troll Witch Doctor |
| 11:54 | Troll Witch Doctor |
| 12:02 | Demolisher |
| 12:19 | Chain Lighting |
| 13:33 | Demolisher |
| 13:43 | Orc Burrow |
| 15:41 | Watch Tower |
| 15:43 | Reinforced Defenses |
| 16:25 | Peon |
| 16:25 | Peon |
| 16:25 | Peon |
| 16:34 | Watch Tower |
| 17:46 | Troll Headhunter |
| 17:47 | Watch Tower |
| Right click | 845 |
| Select | 202 |
| Select group | 159 |
| Assign group | 55 |
| Build/train/purchase | 54 |
| Misc. action | 43 |
| Use ability | 29 |
| Esc | 12 |
| Minimap ping | 7 |
| Remove unit | 1 |
67 units @ 5.8k
/ 0.7k
100 buildings @ 8.4k
/ 3.8k


| Peasant | 21 | 1575 | / | 0 |
| Mortar Team | 3 | 540 | / | 210 |
| Flying Machine | 17 | 1700 | / | 510 |
| total: | 41 | 3815g | / | 720w |
| Scout Tower | 25 | 750 | / | 500 |
| Arcane Tower | 2 | 140 | / | 100 |
| Guard Tower | 11 | 770 | / | 550 |
| Altar of Kings | 1 | 180 | / | 50 |
| Farm | 12 | 960 | / | 240 |
| Lumber Mill | 1 | 120 | / | 0 |
| Town Hall | 1 | 385 | / | 205 |
| Arcane Vault | 1 | 130 | / | 30 |
| Blacksmith | 1 | 140 | / | 60 |
| Workshop | 4 | 560 | / | 560 |
| Keep | 1 | 320 | / | 210 |
| Castle | 1 | 360 | / | 210 |
| total: | 46 | 3225g | / | 1645w |
| 0:03 | Peasant |
| 0:07 | Altar of Kings |
| 0:08 | Peasant |
| 0:23 | Farm |
| 0:24 | Peasant |
| 0:25 | Peasant |
| 0:34 | Peasant |
| 0:44 | Peasant |
| 0:50 | Peasant |
| 0:59 | Peasant |
| 1:01 | Scout Tower |
| 1:03 | Peasant |
| 1:22 | Farm |
| 1:25 | Peasant |
| 1:28 | Arcane Tower |
| 1:41 | Lumber Mill |
| 1:49 | Peasant |
| 1:54 | Scout Tower |
| 2:01 | Peasant |
| 2:10 | Storm Bolt |
| 2:15 | Farm |
| 2:17 | Peasant |
| 3:01 | Storm Bolt |
| 3:08 | Town Hall |
| 3:10 | Scout Tower |
| 3:11 | Scout Tower |
| 3:23 | Guard Tower |
| 3:24 | Peasant |
| 3:24 | Peasant |
| 4:08 | Guard Tower |
| 4:11 | Scout Tower |
| 4:13 | Scout Tower |
| 4:13 | Scout Tower |
| 4:14 | Scout Tower |
| 4:15 | Scout Tower |
| 4:16 | Scout Tower |
| 4:18 | Peasant |
| 4:18 | Peasant |
| 4:20 | Improved Lumber Harvesting |
| 4:40 | Guard Tower |
| 4:52 | Arcane Vault |
| 4:55 | Guard Tower |
| 5:14 | Guard Tower |
| 5:27 | Scout Tower |
| 5:28 | Scout Tower |
| 5:29 | Scout Tower |
| 5:31 | Peasant |
| 5:31 | Peasant |
| 5:52 | Bash |
| 5:53 | Bash |
| 6:11 | Keep |
| 6:15 | Guard Tower |
| 6:19 | Scout Tower |
| 6:22 | Scout Tower |
| 6:23 | Scout Tower |
| 6:23 | Scout Tower |
| 6:29 | Blacksmith |
| 6:38 | Guard Tower |
| 6:41 | Improved Masonry |
| 6:44 | Peasant |
| 6:45 | Peasant |
| 6:58 | Guard Tower |
| 7:09 | Scout Tower |
| 7:09 | Scout Tower |
| 7:10 | Scout Tower |
| 7:41 | Black Gunpowder |
| 7:53 | Arcane Tower |
| 8:09 | Guard Tower |
| 8:57 | Castle |
| 8:59 | Workshop |
| 9:02 | Workshop |
| 9:09 | Workshop |
| 9:13 | Workshop |
| 9:17 | Refined Gunpowder |
| 9:17 | Iron Plating |
| 9:20 | Guard Tower |
| 9:55 | Mortar Team |
| 9:55 | Mortar Team |
| 9:58 | Farm |
| 9:59 | Farm |
| 10:22 | Advanced Lumber Harvesting |
| 10:22 | Advanced Masonry |
| 10:28 | Flare |
| 10:28 | Flak Cannons |
| 10:29 | Mortar Team |
| 10:42 | Holy Light |
| 11:35 | Flying Machine Bombs |
| 11:35 | Fragmentation Shards |
| 11:37 | Imbued Gunpowder |
| 11:51 | Flying Machine |
| 11:51 | Flying Machine |
| 11:51 | Flying Machine |
| 11:52 | Flying Machine |
| 11:52 | Flying Machine |
| 11:52 | Flying Machine |
| 11:52 | Flying Machine |
| 12:24 | Flying Machine |
| 12:26 | Farm |
| 12:28 | Farm |
| 12:52 | Flying Machine |
| 13:05 | Imbued Masonry |
| 13:09 | Flying Machine |
| 13:09 | Flying Machine |
| 13:23 | Farm |
| 13:24 | Farm |
| 13:25 | Farm |
| 13:53 | Farm |
| 14:31 | Farm |
| 14:39 | Flying Machine |
| 14:39 | Flying Machine |
| 16:26 | Scout Tower |
| 16:27 | Scout Tower |
| 16:28 | Scout Tower |
| 16:28 | Scout Tower |
| 16:29 | Scout Tower |
| 16:33 | Divine Shield |
| 16:38 | Flying Machine |
| 16:47 | Storm Bolt |
| 17:25 | Guard Tower |
| 17:47 | Flying Machine |
| 17:47 | Flying Machine |
| 17:47 | Flying Machine |
| Right click | 828 |
| Select group | 415 |
| Select | 223 |
| Build/train/purchase | 102 |
| Misc. action | 51 |
| Use ability | 22 |
| Minimap ping | 15 |
| Assign group | 5 |
| Resource trade | 5 |
| Remove unit | 1 |
| Esc | 1 |

| Peasant | 14 | 1050 | / | 0 |
| total: | 14 | 1050g | / | 0w |
| Scout Tower | 27 | 810 | / | 540 |
| Arcane Tower | 3 | 210 | / | 150 |
| Guard Tower | 7 | 490 | / | 350 |
| Altar of Kings | 1 | 180 | / | 50 |
| Farm | 3 | 240 | / | 60 |
| Lumber Mill | 3 | 360 | / | 0 |
| Town Hall | 3 | 1155 | / | 615 |
| total: | 37 | 2745g | / | 1265w |
| 0:03 | Peasant |
| 0:03 | Peasant |
| 0:05 | Altar of Kings |
| 0:08 | Farm |
| 0:17 | Peasant |
| 0:33 | Lumber Mill |
| 0:52 | Farm |
| 0:54 | Peasant |
| 0:54 | Peasant |
| 1:05 | Peasant |
| 1:13 | Peasant |
| 1:24 | Farm |
| 1:27 | Improved Lumber Harvesting |
| 1:33 | Peasant |
| 1:39 | Scout Tower |
| 1:52 | Peasant |
| 1:56 | Peasant |
| 2:06 | Arcane Tower |
| 2:19 | Peasant |
| 2:19 | Peasant |
| 2:19 | Peasant |
| 2:37 | Peasant |
| 2:39 | Scout Tower |
| 2:43 | Improved Masonry |
| 3:13 | Scout Tower |
| 3:13 | Scout Tower |
| 3:15 | Scout Tower |
| 3:16 | Scout Tower |
| 4:20 | Guard Tower |
| 4:32 | Lumber Mill |
| 4:40 | Lumber Mill |
| 5:44 | Scout Tower |
| 6:59 | Scout Tower |
| 7:00 | Scout Tower |
| 7:00 | Scout Tower |
| 7:01 | Scout Tower |
| 7:02 | Scout Tower |
| 7:02 | Scout Tower |
| 7:03 | Scout Tower |
| 7:03 | Scout Tower |
| 7:04 | Scout Tower |
| 7:05 | Scout Tower |
| 7:06 | Arcane Tower |
| 7:37 | Guard Tower |
| 8:01 | Guard Tower |
| 8:05 | Guard Tower |
| 8:07 | Guard Tower |
| 9:14 | Arcane Tower |
| 9:15 | Guard Tower |
| 9:20 | Scout Tower |
| 9:22 | Scout Tower |
| 9:22 | Scout Tower |
| 9:26 | Scout Tower |
| 9:58 | Guard Tower |
| 12:38 | Scout Tower |
| 12:39 | Scout Tower |
| 12:42 | Scout Tower |
| 12:43 | Scout Tower |
| 12:46 | Scout Tower |
| 12:46 | Scout Tower |
| 16:03 | Town Hall |
| 16:24 | Town Hall |
| 17:22 | Storm Bolt |
| 18:10 | Town Hall |
| Right click | 1332 |
| Select group | 503 |
| Select | 203 |
| Build/train/purchase | 34 |
| Assign group | 17 |
| Use ability | 16 |
| Minimap ping | 12 |
| Resource trade | 11 |
| Misc. action | 3 |
| Esc | 2 |
Cabeelibob
(194)
(19:09) : 
| Lesser Clarity Potion | 2 | 140 |
| Boots of Speed | 1 | 250 |
| total: | 3 | 390g |
| Peon | 12 | 900 | / | 0 |
| total: | 12 | 900g | / | 0w |
| Watch Tower | 6 | 660 | / | 480 |
| Altar of Storms | 1 | 180 | / | 50 |
| Orc Burrow | 4 | 640 | / | 160 |
| War Mill | 2 | 410 | / | 0 |
| Voodoo Lounge | 3 | 390 | / | 90 |
| Spirit Lodge | 1 | 150 | / | 150 |
| Stronghold | 1 | 315 | / | 190 |
| Fortress | 1 | 325 | / | 190 |
| total: | 17 | 2430g | / | 930w |
| 0:04 | Altar of Storms |
| 0:09 | Orc Burrow |
| 0:10 | Peon |
| 0:10 | Peon |
| 0:22 | Peon |
| 0:46 | Peon |
| 0:46 | Peon |
| 0:57 | War Mill |
| 1:17 | Peon |
| 1:25 | Voodoo Lounge |
| 1:28 | Peon |
| 1:47 | Orc Burrow |
| 1:50 | Orc Burrow |
| 2:07 | Wind Walk |
| 2:20 | Peon |
| 2:20 | Peon |
| 2:20 | Peon |
| 2:26 | Watch Tower |
| 2:50 | Peon |
| 2:50 | Peon |
| 3:08 | Watch Tower |
| 3:09 | Watch Tower |
| 3:13 | Watch Tower |
| 4:02 | Stronghold |
| 4:22 | Watch Tower |
| 4:37 | Watch Tower |
| 4:42 | Lesser Clarity Potion |
| 5:18 | Spiked Barricades |
| 5:42 | Lesser Clarity Potion |
| 6:33 | Critical Strike |
| 7:16 | Boots of Speed |
| 7:38 | Orc Burrow |
| 8:59 | Fortress |
| 9:08 | Spirit Lodge |
| 9:20 | Voodoo Lounge |
| 10:02 | Reinforced Defenses |
| 11:52 | Witch Doctor Adept Training |
| 11:59 | Voodoo Lounge |
| 13:18 | War Mill |
| 13:37 | Critical Strike |
| 17:17 | Wind Walk |
| Right click | 623 |
| Select | 88 |
| Misc. action | 63 |
| Select group | 48 |
| Build/train/purchase | 47 |
| Resource trade | 37 |
| Chat | 6 |
| Assign group | 2 |
| Minimap ping | 2 |
| Use ability | 1 |
| Item give/drop | 1 |
| Remove unit | 1 |
| Esc | 1 |